 Dungeon Crawl Stone Soup version 0.22-a0-247-gbddf880 (webtiles) character file.

123 MatthieuS the Vandal (level 5, -4/35 HPs)
             Began as a Halfling Hunter on Feb 25, 2018.
             Killed from afar by an orc wizard (7 damage)
             ... with a puff of frost
             ... on level 3 of the Dungeon.
             The game lasted 00:05:58 (1591 turns).

MatthieuS the Vandal (Halfling Hunter)              Turns: 1591, Time: 00:05:59

Health: -4/35      AC:  6    Str: 13    XL:     5   Next: 29%
Magic:  14/14      EV: 13    Int:  9    God:
Gold:   104        SH:  0    Dex: 16    Spells: 4/4 levels left

rFire    + . .     SeeInvis .   w - +1 hunting sling
rCold    + . .     Gourm    .   (shield restricted)
rNeg     . . .     Faith    .   p - +0 scale mail
rPois    +         Spirit   .   (no helmet)
rElec    +         Reflect  .   (no cloak)
rCorr    +         Harm     .   (no gloves)
MR       .....                  (no boots)
Stlth    ..........             (no amulet)
HPRegen  0.11/turn              i - ring of magical power
MPRegen  0.14/turn              (no ring)

@: confused, resistant, hasted, very quick
A: small, mutation resistance 1
a: no special abilities


You were on level 3 of the Dungeon.
You were not hungry.

You visited 1 branch of the dungeon, and saw 3 of its levels.

You collected 104 gold pieces.

Inventory:

Hand Weapons
 a - a +2 short sword of freezing
 w - a +1 hunting sling (weapon)
Missiles
 b - 79 stones
 d - 5 sling bullets (quivered)
Armour
 j - a +0 ring mail
 p - a +0 scale mail (worn)
Jewellery
 i - a ring of magical power (left hand)
Scrolls
 c - 2 scrolls of amnesia {unknown}
 e - a scroll of enchant armour {unknown}
 h - a scroll of remove curse {unknown}
 l - a scroll of enchant weapon {unknown}
 n - a scroll of identify {unknown}
Potions
 g - a potion of magic
Comestibles
 f - 3 rations


   Skills:
 + Level 2.5 Fighting
 + Level 6.5 Slings
 + Level 2.0 Armour
 + Level 3.1 Dodging
 + Level 2.5 Stealth


You had 4 spell levels left.
You didn't know any spells.

Dungeon Overview and Level Annotations

Branches:
Dungeon (3/15)

Altars:
Uskayaw

Annotations:
D:3 Bunnehwyld's ghost, amateur GrIE


Innate Abilities, Weirdness & Mutations

You are small and have problems with some larger weapons.
You are somewhat resistant to further mutation.


Message History

Something tries to affect you, but you resist.
A kobold comes into view. It is wielding a flail.
Firing (i - inventory. (/) - cycle)
d - 6 sling bullets (quivered)
Press: ? - help, Shift-Dir - straight line, f/p - orc wizard
Aim: an orc wizard, wielding a dagger and wearing a robe (severely wounded)
You shoot a sling bullet. The kobold shouts!
The sling bullet hits the orc.
The orc is lightly wounded.
Something hits you.
* * * LOW HITPOINT WARNING * * *
The orc wizard casts a spell.
The orc wizard flickers and vanishes!
It was a potion of haste.
You feel yourself speed up. Something hits you but does no damage.
You are confused.
You bump into the rock wall.
A puff of frost appears from out of thin air!
The puff of frost hits you! You resist.
You die...

#.# #. #.# #.
#.# #. #.# #.
#.# #. #.# #.#.
#(#
#.#.##.########
#...@..........
#....#.########
........#...#
.....#..###.#
.....#..# #.#
.... #..###.#
... #K.....#
### #.######
#.# #.


You could see a kobold.

Vanquished Creatures
  An orc wizard (D:3)
  2 adders (D:2)
  5 oozes
  A worm (D:2)
  3 leopard geckos
  4 orcs (D:3)
  3 bats (D:1)
  3 giant cockroaches
  7 goblins
  9 hobgoblins
  4 kobolds
  A quokka (D:3)
  3 frilled lizards (D:1)
  4 rats
50 creatures vanquished.

Notes
Turn   | Place    | Note
-------+----------+-------------------------------------------
     0 | D:1      | MatthieuS the Halfling Hunter began the quest for the Orb.
     0 | D:1      | Reached XP level 1. HP: 14/14 MP: 1/1
   126 | D:1      | Reached XP level 2. HP: 17/19 MP: 2/2
   152 | D:1      | Reached skill level 6 in Slings
   248 | D:1      | Reached skill level 1 in Armour
   248 | D:1      | Reached XP level 3. HP: 24/24 MP: 3/3
   859 | D:2      | Found a hide-covered altar of Uskayaw.
   871 | D:2      | Reached XP level 4. HP: 29/29 MP: 4/4
  1324 | D:3      | Reached XP level 5. HP: 28/35 MP: 5/5
  1352 | D:3      | Noticed Bunnehwyld's ghost (amateur GrIE)
  1591 | D:3      | Killed from afar by an orc wizard

Vault maps used:
D:1:      lemuel_arrival_lava_pool, minmay_misc_feat_rugged
D:2:      eat_drink_and_be_merry_uskayaw, serial_corexii_hall,
          corexii_hall_statues_u, corexii_hall_statues_s, first_ration
D:3:      kennysheep_generic_room_11

Skill      XL: |  1  2  3  4  5 |
---------------+----------------+-----
Fighting       | 2 |  2.5
Slings         | 6 |  6.5
Armour         | 1 2 |  2.0
Stealth        | 2 |  2.5
Dodging        | 3 |  3.1

Action                   |  1- 3 |  4- 6 || total
-------------------------+-------+-------++-------
 Fire: Hunting sling     |    78 |    97 ||   175
  Use: Potion            |     1 |     4 ||     5
  Eat: Chunk             |       |     2 ||     2
Armor: Ring mail         |     2 |     4 ||     6
       Scale mail        |       |     3 ||     3
Dodge: Dodged            |     6 |    13 ||    19

Table legend:
 A = Spawn XP
 B = Non-spawn XP
 C = Spawn XP percentage of total XP
 D = Spawn monster count
 E = Non-spawn monster count
 F = Spawn count percentage of total count
 G = Total turns spent on level
                    A         B        C        D         E        F      G
               +---------+---------+-------+---------+---------+-------+---------
         Total |       0 |     177 |   0.0 |       0 |      50 |   0.0 |  1591
               +---------+---------+-------+---------+---------+-------+---------
           D:1 |       0 |      57 |   0.0 |       0 |      25 |   0.0 |   736
           D:2 |       0 |      50 |   0.0 |       0 |      13 |   0.0 |   509
           D:3 |       0 |      70 |   0.0 |       0 |      12 |   0.0 |   346
               +---------+---------+-------+---------+---------+-------+---------
